MLB
TEXAS RANGERS @ KANSAS CITY ROYALS
03/11/2099
 
TOP OF THE 1ST
Texas Rangers batting - Pitching for Kansas City Royals : RHP Manuel Guillermo
Pitching: RHP Manuel Guillermo
Batting: RHB Jason Hartel 0-0: Ball
1-0: Foul Ball, location: 3SF
1-1: Ball
2-1: Foul Ball, location: 9LSF
2-2: Foul Ball, location: 2F
2-2: Ball
3-2: Foul Ball, location: 2F
3-2: Ground out U3 (Groundball, 34, EV 107.5 MPH)
Batting: RHB Chris Patrick 0-0: Swinging Strike
0-1: SINGLE (Line Drive, 9LS, EV 86.9 MPH)
Batting: LHB Simeone DeVito 0-0: Ball
1-0: Ball
2-0: Ball
3-0: Called Strike
3-1: Base on Balls
Chris Patrick to second
Batting: RHB Kevin Hock 0-0: Swinging Strike
0-1: Swinging Strike
0-2: Strikes out swinging
Batting: LHB Charlie Gagne 0-0: Swinging Strike
0-1: Foul Ball, location: 2F
0-2: Ball
1-2: Foul Ball, location: 23F
1-2: Strikes out swinging
Top of the 1st over - 0 runs, 1 hit, 0 errors, 2 left on base; Texas 0 - Kansas City 0
BOTTOM OF THE 1ST
Kansas City Royals batting - Pitching for Texas Rangers : RHP Danny Bagwell
Pitching: RHP Danny Bagwell
Batting: RHB Maurice Groen 0-0: Foul Ball, location: 2F
0-1: Called Strike
0-2: Ball
1-2: Fly out, F9 (Flyball, 9, EV 90.6 MPH)
Batting: LHB Mike Andreas 0-0: Ball
1-0: Ball
2-0: Ball
3-0: Base on Balls
Batting: RHB Blake Linden 0-0: Called Strike
0-1: Ball
1-1: Fly out, F4 (Popup, 4, EV 61.9 MPH)
Batting: RHB Jordan Baeza 0-0: Called Strike
0-1: Foul Ball, location: 2F
0-2: Ball
1-2: Ball
2-2: Ball
3-2: Strikes out swinging
Bottom of the 1st over - 0 runs, 0 hits, 0 errors, 1 left on base; Texas 0 - Kansas City 0
TOP OF THE 2ND
Texas Rangers batting - Pitching for Kansas City Royals : RHP Manuel Guillermo
Batting: RHB Travis Huffman 0-0: Ball
1-0: Swinging Strike
1-1: Fly out, F7 (Flyball, 78M, EV 90.6 MPH)
Batting: RHB Jose Cano 0-0: Foul Ball, location: 23FF
0-1: Ball
1-1: Ball
2-1: Foul Ball, location: 2F
2-2: Ball
3-2: Ground out 6-3 (Groundball, 6S, EV 74.4 MPH)
Batting: RHB Chris Daly 0-0: Fly out, F9 (Flyball, 9LS, EV 99.4 MPH)
Top of the 2nd over - 0 runs, 0 hits, 0 errors, 0 left on base; Texas 0 - Kansas City 0
BOTTOM OF THE 2ND
Kansas City Royals batting - Pitching for Texas Rangers : RHP Danny Bagwell
Batting: LHB Tony Monterosa 0-0: Foul Ball, location: 2F
0-1: DOUBLE (Flyball, 78XD, EV 110.0 MPH)
Batting: RHB Alex Rios 0-0: Called Strike
0-1: Foul Ball, location: 3FF
0-2: Foul Ball, location: 3F
0-2: Foul Ball, location: 5F
0-2: Ball
1-2: Ball
2-2: Strikes out swinging
Batting: RHB Jacob Huckaby 0-0: Called Strike
0-1: Fly out, F7 (Flyball, 78M, EV 93.1 MPH)
Batting: RHB Sam Gilpin 0-0: Ball
1-0: Ball
2-0: Ball
3-0: Called Strike
3-1: Called Strike
3-2: Strikes out swinging
Bottom of the 2nd over - 0 runs, 1 hit, 0 errors, 1 left on base; Texas 0 - Kansas City 0
TOP OF THE 3RD
Texas Rangers batting - Pitching for Kansas City Royals : RHP Manuel Guillermo
Batting: LHB Scott Spencer 0-0: Ball
1-0: Called Strike
1-1: Ball
2-1: Ground out U3 (Groundball, 3, EV 84.4 MPH)
Batting: RHB Jason Hartel 0-0: Ball
1-0: Foul Ball, location: 2F
1-1: Called Strike
1-2: Foul Ball, location: 23F
1-2: Ground out 5-3 (Groundball, 5, EV 90.0 MPH)
Batting: RHB Chris Patrick 0-0: Called Strike
0-1: SINGLE (Groundball, 6S, EV 67.5 MPH) (infield hit)
Batting: LHB Simeone DeVito 0-0: Ball
1-0: Foul Ball, location: 7LMF
1-1: Foul Ball, location: 7LMF
1-2: Ball
2-2: Fly out, F9 (Flyball, 89M, EV 97.5 MPH)
Top of the 3rd over - 0 runs, 1 hit, 0 errors, 1 left on base; Texas 0 - Kansas City 0
BOTTOM OF THE 3RD
Kansas City Royals batting - Pitching for Texas Rangers : RHP Danny Bagwell
Batting: LHB Bill Goss 0-0: Called Strike
0-1: Foul Ball, location: 2F
0-2: SINGLE (Line Drive, 6D, EV 94.4 MPH)
Batting: RHB Maurice Groen 0-0: Sac Bunt to 25 - play at first, batter safe!
Bill Goss to second
Batting: LHB Mike Andreas 0-0: Called Strike
0-1: Ball
1-1: Ball
2-1: Fly out, F8 (Flyball, 8LXD, EV 89.4 MPH)
Runner from 2nd tags up, SAFE at 3rd, no throw by CF
Batting: RHB Blake Linden 0-0: Ball
1-0: Foul Ball, location: 2F
1-1: Called Strike
1-2: Foul Ball, location: 3FF
1-2: Strikes out swinging
Batting: RHB Jordan Baeza 0-0: Called Strike
0-1: Swinging Strike
0-2: Ball
1-2: Fly out, F6 (Popup, 6S, EV 65.6 MPH)
Bottom of the 3rd over - 0 runs, 2 hits, 0 errors, 2 left on base; Texas 0 - Kansas City 0
TOP OF THE 4TH
Texas Rangers batting - Pitching for Kansas City Royals : RHP Manuel Guillermo
Batting: RHB Kevin Hock 0-0: Fly out, F9 (Flyball, 9D, EV 93.8 MPH)
Batting: LHB Charlie Gagne 0-0: Foul Ball, location: 2RF
0-1: Ball
1-1: Ball
2-1: Ball
3-1: Foul Ball, location: 2F
3-2: Strikes out swinging
Batting: RHB Travis Huffman 0-0: Ball
1-0: Foul Ball, location: 9LMF
1-1: Foul Ball, location: 9LMF
1-2: Ball
2-2: Foul Ball, location: 2F
2-2: Reached on error, E6 (Groundball, 6, EV 108.8 MPH)
Batting: RHB Jose Cano 0-0: Ball
1-0: Ball
2-0: Called Strike
2-1: Ball
3-1: SINGLE (Groundball, 4S, EV 69.4 MPH) (infield hit)
Travis Huffman to second
Batting: RHB Chris Daly 0-0: Ball
1-0: Called Strike
1-1: Foul Ball, location: 5F, Error on foul ball, E5
1-2: Fly out, F6 (Line Drive, 6, EV 65.6 MPH)
Top of the 4th over - 0 runs, 1 hit, 2 errors, 2 left on base; Texas 0 - Kansas City 0
BOTTOM OF THE 4TH
Kansas City Royals batting - Pitching for Texas Rangers : RHP Danny Bagwell
Batting: LHB Tony Monterosa 0-0: Foul Ball, location: 9LMF
0-1: Foul Ball, location: 2F
0-2: Ball
1-2: Ball
2-2: Fly out, F7 (Flyball, 7LD, EV 89.4 MPH)
Batting: RHB Alex Rios 0-0: Called Strike
0-1: Ground out 4-3 (Groundball, 4M, EV 78.8 MPH)
Batting: RHB Jacob Huckaby 0-0: Foul Ball, location: 5DF
0-1: Ball
1-1: Foul Ball, location: 5FF
1-2: DOUBLE (Line Drive, 78D, EV 111.3 MPH)
Batting: RHB Sam Gilpin 0-0: Ball
1-0: Called Strike
1-1: Reached on error, E6 (Groundball, 6, EV 103.8 MPH)
Jacob Huckaby to third
Batting: LHB Bill Goss 0-0: Ground out 4-3 (Groundball, 34, EV 85.6 MPH)
Bottom of the 4th over - 0 runs, 1 hit, 1 error, 2 left on base; Texas 0 - Kansas City 0
TOP OF THE 5TH
Texas Rangers batting - Pitching for Kansas City Royals : RHP Manuel Guillermo
Pitching: RHP Pat Teague
Now at 1B: Jordan Baeza
Now at 3B: Bobby Sells
Now at SS: Sam Gilpin
Now in LF: Trent Poynter
Now in RF: Jayden Oden
Batting: LHB Scott Spencer 0-0: Ball
1-0: Ball
2-0: Called Strike
2-1: Fly out, F6 (Popup, 6, EV 71.9 MPH)
Batting: RHB Jason Hartel 0-0: Ball
1-0: Ball
2-0: Ball
3-0: Base on Balls
Pinch Hitting: LHB Justin Marcus 0-0: Ball
1-0: Called Strike
1-1: Ball
2-1: Ball
Jason Hartel steals 2nd base (no throw)
3-1: SINGLE (Line Drive, 89M, EV 103.1 MPH)
Jason Hartel to third
Batting: LHB Simeone DeVito 0-0: Called Strike
0-1: Swinging Strike
0-2: Ball
1-2: Fielders Choice attempt at home, Runner SAFE. 4-2 (Groundball, 34S, EV 91.9 MPH)
Justin Marcus to second
Batting: RHB Kevin Hock 0-0: Ball
1-0: Foul Ball, location: 2F
1-1: Fielders Choice at 2nd, 6-4 (Groundball, 6, EV 86.9 MPH)
Justin Marcus to third
Now at 2B: Bobby Sells
Now at 3B: Danny Bonilla
Batting: LHB Tyler Petry 0-0: Called Strike
0-1: Swinging Strike
0-2: Foul Ball, location: 7LSF
0-2: Ball
1-2: Ball
2-2: Ball
3-2: Strikes out swinging
Top of the 5th over - 1 run, 1 hit, 0 errors, 2 left on base; Texas 1 - Kansas City 0
BOTTOM OF THE 5TH
Kansas City Royals batting - Pitching for Texas Rangers : RHP Danny Bagwell
Now at 2B: Josh Mehl
Now at 3B: Chris Temple
Now in LF: Nick Gunnels
Now in RF: Justin Marcus
Batting: LHB Danny Bonilla 0-0: Ball
1-0: Ground out 3-1 (Groundball, 34S, EV 88.8 MPH)
Batting: RHB Jayden Oden 0-0: Called Strike
0-1: Foul Ball, location: 5FF
0-2: Ball
1-2: Ball
2-2: SINGLE (Groundball, 4M, EV 81.9 MPH) (infield hit)
Batting: RHB Blake Linden 0-0: Ball
1-0: Ball
2-0: SINGLE (Groundball, 6MD, EV 97.5 MPH)
Jayden Oden to second
Batting: RHB Jordan Baeza 0-0: 3-RUN HOME RUN (Flyball, 9D, EV 95.0 MPH), Distance : 370 ft
Batting: LHB Tony Monterosa 0-0: Ball
1-0: Ball
2-0: Foul Ball, location: 3SF
2-1: Foul Ball, location: 7LDF
2-2: Ball
3-2: Foul Ball, location: 2F
3-2: Base on Balls
Pitching: LHP Randy Cona
Batting: RHB Trent Poynter 0-0: Called Strike
Tony Monterosa steals 2nd base
0-1: Called Strike
0-2: Strikes out swinging
Batting: RHB Bobby Sells 0-0: Fly out, F4 (Popup, 34S, EV 83.1 MPH)
Bottom of the 5th over - 3 runs, 3 hits, 0 errors, 1 left on base; Texas 1 - Kansas City 3
TOP OF THE 6TH
Texas Rangers batting - Pitching for Kansas City Royals : RHP Pat Teague
Now at 1B: Trent Poynter
Now in LF: Bobby Noriega
Batting: LHB Nick Gunnels 0-0: TRIPLE (Flyball, 89XD, EV 96.3 MPH)
Pinch Hitting: SHB Luis Chavez 0-0: Foul Ball, location: 5FF
0-1: Called Strike
0-2: Ball
1-2: Ball
2-2: Fly out, F7 (Flyball, 78D, EV 98.8 MPH)
Runner from 3rd tags up, SCORES, throw by LF
Batting: RHB Chris Daly 0-0: Ball
1-0: Foul Ball, location: 2F
1-1: Called Strike
1-2: Ground out 6-3 (Groundball, 6, EV 106.3 MPH)
Pitching: RHP Aubrey Pettey
Pinch Hitting: RHB Victor Luna 0-0: Ball
1-0: Ball
2-0: Ground out 6-3 (Groundball, 6, EV 109.4 MPH)
Top of the 6th over - 1 run, 1 hit, 0 errors, 0 left on base; Texas 2 - Kansas City 3
BOTTOM OF THE 6TH
Kansas City Royals batting - Pitching for Texas Rangers : LHP Randy Cona
Pitching: LHP Gabe Osborne
Now at SS: Victor Luna
Now in CF: Luis Chavez
Pinch Hitting: RHB Kevin Stark 0-0: Ball
1-0: Ball
2-0: Swinging Strike
2-1: Foul Ball, location: 3F
2-2: Ball
3-2: SINGLE (Groundball, 4MD, EV 100.0 MPH)
Batting: LHB Bill Goss 0-0: Ball
1-0: Ball
2-0: Sac Bunt to P - play at first, batter OUT! 1-3
Kevin Stark to second
Batting: LHB Danny Bonilla 0-0: Ball
1-0: Swinging Strike
1-1: Ball
2-1: Ground out 1-3 (Groundball, 13, EV 70.0 MPH)
Batting: RHB Jayden Oden 0-0: Foul Ball, location: 9LMF
0-1: Called Strike
0-2: Strikes out swinging
Bottom of the 6th over - 0 runs, 1 hit, 0 errors, 1 left on base; Texas 2 - Kansas City 3
TOP OF THE 7TH
Texas Rangers batting - Pitching for Kansas City Royals : RHP Aubrey Pettey
Pitching: LHP Angelo Castillo
Now at C: Josh Harder
Now at 3B: Kevin Stark
Now at SS: Danny Bonilla
Now in CF: Kyle Mellecker
Batting: LHB Chris Temple 0-0: Ball
1-0: Foul Ball, location: 2F
1-1: Foul Ball, location: 7LMF
1-2: Strikes out swinging
Batting: LHB Justin Marcus 0-0: Ball
1-0: Called Strike
1-1: Ball
2-1: Ball
3-1: Foul Ball, location: 23F
3-2: Foul Ball, location: 2F
3-2: Ground out 4-3 (Groundball, 4, EV 102.5 MPH)
Batting: LHB Simeone DeVito 0-0: Ball
1-0: Ball
2-0: Called Strike
2-1: Swinging Strike
2-2: Strikes out looking
Top of the 7th over - 0 runs, 0 hits, 0 errors, 0 left on base; Texas 2 - Kansas City 3
BOTTOM OF THE 7TH
Kansas City Royals batting - Pitching for Texas Rangers : LHP Gabe Osborne
Pitching: RHP Aaron Aycock
Now at C: Dallas Zancanella
Batting: RHB Travis Bernsen 0-0: Ball
1-0: Ball
2-0: Called Strike
2-1: Called Strike
2-2: Ground out 4-3 (Groundball, 13, EV 91.9 MPH)
Batting: SHB Bobby Noriega 0-0: Called Strike
0-1: SOLO HOME RUN (Flyball, 89XD, EV 110.0 MPH), Distance : 421 ft
Batting: RHB Kyle Mellecker 0-0: Ball
1-0: Called Strike
1-1: Foul Ball, location: 9LDF
1-2: Strikes out swinging
Batting: RHB Trent Poynter 0-0: Ball
1-0: Called Strike
1-1: Ball
2-1: Foul Ball, location: 9LMF
2-2: Ball
3-2: SINGLE (Groundball, 6S, EV 70.6 MPH) (infield hit)
Batting: RHB Bobby Sells 0-0: Ball
1-0: Ball
2-0: Foul Ball, location: 3SF
2-1: Ball
3-1: Called Strike
3-2: Fly out, F9 (Flyball, 9, EV 86.3 MPH)
Bottom of the 7th over - 1 run, 2 hits, 0 errors, 1 left on base; Texas 2 - Kansas City 4
TOP OF THE 8TH
Texas Rangers batting - Pitching for Kansas City Royals : LHP Angelo Castillo
Batting: RHB Josh Mehl 0-0: Ball
1-0: Ball
2-0: Foul Ball, location: 2LF
2-1: Foul Ball, location: 9LSF
2-2: Strikes out swinging
Batting: LHB Tyler Petry 0-0: Called Strike
0-1: Swinging Strike
0-2: Fly out, F9 (Flyball, 89M, EV 100.0 MPH)
Batting: LHB Nick Gunnels 0-0: Fly out, F3 (Popup, 3SF, EV 75.6 MPH)
Top of the 8th over - 0 runs, 0 hits, 0 errors, 0 left on base; Texas 2 - Kansas City 4
BOTTOM OF THE 8TH
Kansas City Royals batting - Pitching for Texas Rangers : RHP Aaron Aycock
Pitching: RHP Tim Morrow
Batting: RHB Kevin Stark 0-0: Foul Ball, location: 9LDF
0-1: Ball
1-1: Foul Ball, location: 2F
1-2: Ball
2-2: Ball
3-2: SOLO HOME RUN (Flyball, 7LD, EV 105.6 MPH), Distance : 379 ft
Batting: SHB Josh Harder 0-0: Ground out 5-3 (Groundball, 56S, EV 88.8 MPH)
Batting: LHB Danny Bonilla 0-0: Called Strike
0-1: Called Strike
0-2: Ball
1-2: Strikes out swinging
Pinch Hitting: RHB Matt McElhose 0-0: Ball
1-0: Called Strike
1-1: Ground out 5-3 (Groundball, 56S, EV 91.3 MPH)
Bottom of the 8th over - 1 run, 1 hit, 0 errors, 0 left on base; Texas 2 - Kansas City 5
TOP OF THE 9TH
Texas Rangers batting - Pitching for Kansas City Royals : LHP Angelo Castillo
Pitching: RHP Nick Haines
Now in RF: Jorge Castillo
Batting: SHB Luis Chavez 0-0: Called Strike
0-1: Called Strike
0-2: Ball
1-2: Ball
2-2: DOUBLE (Line Drive, 7LS, EV 108.1 MPH)
Batting: LHB Dallas Zancanella 0-0: SINGLE (Groundball, 56D, EV 106.9 MPH)
Luis Chavez to third
Pinch Hitting: LHB Marquis Newkirk 0-0: Swinging Strike
0-1: Swinging Strike
0-2: Strikes out swinging
Pitching: LHP Seth Eaton
Batting: LHB Chris Temple 0-0: Called Strike
0-1: Swinging Strike
0-2: Fielders Choice at 2nd, 4-6 (Groundball, 4, EV 94.4 MPH)
Luis Chavez scores
Batting: LHB Justin Marcus 0-0: Called Strike
0-1: SINGLE (Groundball, 6MD, EV 96.9 MPH)
Chris Temple to second
Batting: LHB Simeone DeVito 0-0: Swinging Strike
0-1: Swinging Strike
0-2: Ball
1-2: Fielders Choice at 2nd, 6-4 (Groundball, 6, EV 79.4 MPH)
Top of the 9th over - 1 run, 3 hits, 0 errors, 2 left on base; Texas 3 - Kansas City 5
Tuesday, April 30th , 2024 - OOTP Baseball 24.11 Build 85